 Dungeon Crawl Stone Soup version 0.22-a0-538-g76cc104 (webtiles) character file.

947 kae the Insei (level 7, -3/48 HPs)
             Began as a Demonspawn Transmuter on June 23, 2018.
             Was a Follower of Okawaru.
             Killed by divine providence
             ... invoked by an orc priest
              (10 damage)
             ... on level 6 of the Dungeon.
             The game lasted 00:06:45 (8002 turns).

kae the Insei (Demonspawn Transmuter)               Turns: 8002, Time: 00:06:46

Health: -3/48      AC:  2    Str: 11    XL:     7   Next: 89%
Magic:  8/10       EV: 19    Int: 14    God:    Okawaru [*.....]
Gold:   281        SH:  0    Dex: 20    Spells: 4/10 levels left

rFire    . . .     SeeInvis .     - Unarmed
rCold    . . .     Gourm    .   (shield currently unavailable)
rNeg     . . .     Faith    .   (armour currently unavailable)
rPois    x         Spirit   .   (helmet currently unavailable)
rElec    .         Reflect  .   (cloak currently unavailable)
rCorr    .         Harm     .   (gloves currently unavailable)
MR       +....                  (boots currently unavailable)
Stlth    ++........             (no amulet)
HPRegen  0.16/turn              k - ring of protection from magic
MPRegen  0.12/turn              (no ring)

@: spider-form (expiring)
A: tiny
a: End Transformation, Heroism, Renounce Religion


You were on level 6 of the Dungeon.
You worshipped Okawaru.
Okawaru was aware of your devotion.
You were hungry.
You were a venomous arachnid creature.
You visited 2 branches of the dungeon, and saw 7 of its levels.
You also visited: Sewer.

You collected 281 gold pieces.

Inventory:

Missiles
 a - 101 arrows
Armour
 b - a +0 robe (melded)
 p - a +0 cloak (melded)
Jewellery
 k - a ring of protection from magic (left front leg)
 m - an uncursed ring of ice
 u - an uncursed ring of magical power {unknown}
 v - a +3 ring of strength {unknown}
Scrolls
 i - a scroll of remove curse
 j - 4 scrolls of immolation
 o - 2 scrolls of amnesia
 q - 2 scrolls of fear
 s - a scroll of teleportation
Potions
 c - 2 potions of invisibility {unknown}
 e - a potion of heal wounds
 f - a potion of berserk rage
 g - a potion of flight
 h - a potion of ambrosia
 l - a potion of brilliance {unknown}
 n - 4 potions of curing
 t - a potion of haste {unknown}
Comestibles
 d - 7 rations
 w - 2 chunks of flesh


   Skills:
 + Level 1.0 Fighting
 - Level 1.7 Dodging
 * Level 6.9 Unarmed Combat
 + Level 2.0 Spellcasting
 + Level 4.6 Transmutations
 + Level 4.1 Invocations


You had 4 spell levels left.
You knew the following spells:

 Your Spells              Type           Power        Failure   Level  Hunger
a - Beastly Appendage     Tmut           ##....       12%         1    ##.....
b - Sticks to Snakes      Tmut           ##......     16%         2    ###....
c - Spider Form           Tmut/Pois      #.........   50%         3    ####...

Your spell library contained the following spells:

 Spells                   Type           Power        Failure   Level  Hunger
 Blade Hands              Tmut           ##........   86%         5    ######.
 Ice Form                 Ice/Tmut       #.......     85%         4    #####..


Dungeon Overview and Level Annotations

Branches:
Dungeon (6/15)             Temple (1/1) D:4

Altars:
Ashenzari
Cheibriados
Dithmenos
Fedhas
Gozag
Hepliaklqana
Kikubaaqudgha
Makhleb
Nemelex Xobeh
Okawaru
Qazlal
Ru
Sif Muna
Trog
Uskayaw
Vehumet
Wu Jian
Xom
Yredelemnul
Zin
The Shining One

Shops:
D:5 [   D:6 =

Annotations:
D:2 2 transporters, Menkaure


Innate Abilities, Weirdness & Mutations

((You have hoof-like feet.))
((You have a pair of horns on your head.))


Message History

You are too injured to fight recklessly!
You are too injured to fight recklessly!
You are too injured to fight recklessly!
You are too injured to fight recklessly!
Your transformation is almost over.
The orc priest shouts!
You hear a shout!
The orc shouts!
The orc priest invokes the aid of Beogh against you.
Pain shoots through your body!
The orc priest invokes the aid of Beogh against you.
You resist with some effort.
You hit the orc priest.
The orc priest is poisoned.
The orc priest is heavily wounded.
The orc priest barely misses you. The orc priest closely misses you.
The orc priest calls down the wrath of Beogh upon you.
Beogh smites you!
* * * LOW HITPOINT WARNING * * *
The orc priest mumbles some strange prayers to Beogh against you.
Beogh smites you!
You die...

......#.# *....#..?..!...*,*
##.#..#.# #....#.........#,*
.#.#....# #....#.........#,*****
.#.##.#####....#.......).#,,,,,*
.#.##..........#.........###,***
...............+............>*
...##..........#.........########
...............#.o..............#
#####..O........soo...........#,*
# #.#####.........###.#####.#,* #
#.# #.##.####o# #.#,,,#.#,* #
#.##**#.#<....#.#*#.#,*,#.#,,
#####..##......#..$......,*,#.#**
#....o.##.#.#.........#.#**,#.#
#......##.#.#.........#..,,,#.#
#.......#,#.#....o....###***#.#
#.....#O#,#.#.....o...# #.#


You could see 2 orc priests and 2 orcs.

Vanquished Creatures
  Sigmund (D:5)
  An ice beast (D:5)
  Blork the orc (D:5)
  A bullfrog (D:5)
  A howler monkey (D:4)
  2 crimson imps (D:5)
  A hound (D:6)
  2 jellies (D:5)
  Crazy Yiuf (D:2)
  An orc wizard (D:5)
  An iguana (D:6)
  A worker ant (D:4)
  A hound skeleton (D:6)
  A worker ant zombie (D:5)
  3 gnolls (D:2)
  8 adders
  3 river rats
  2 oozes
  2 worms (D:4)
  4 leopard geckos
  8 orcs
  4 ball pythons
  3 giant cockroaches
  8 goblins
  7 hobgoblins
  10 kobolds
  2 quokkas
  7 bats
  13 frilled lizards
  3 rats
103 creatures vanquished.

Vanquished Creatures (collateral kills)
  A hobgoblin (D:1)
  A ball python (Sewer)
  A goblin (D:1)
3 creatures vanquished.

Grand Total: 106 creatures vanquished

Notes
Turn   | Place    | Note
-------+----------+-------------------------------------------
     0 | D:1      | kae the Demonspawn Transmuter began the quest for the Orb.
     0 | D:1      | Reached XP level 1. HP: 15/15 MP: 3/3
   151 | D:1      | Reached skill level 3 in Unarmed Combat
   424 | D:1      | Gained mutation: You have a pair of small horns on your head. [demonic ancestry]
   424 | D:1      | Reached XP level 2. HP: 12/21 MP: 3/5
   723 | D:1      | Learned a level 2 spell: Sticks to Snakes
  1208 | D:1      | Reached XP level 3. HP: 21/26 MP: 6/6
  1213 | D:1      | Learned a level 3 spell: Spider Form
  1832 | D:2      | Reached skill level 4 in Unarmed Combat
  1869 | D:2      | Gained mutation: You have a pair of horns on your head. [demonic ancestry]
  1869 | D:2      | Reached XP level 4. HP: 32/32 MP: 3/7
  1917 | D:2      | Found a faded altar of an unknown god.
  1951 | D:2      | Found a shimmering altar of Xom.
  2075 | D:2      | Found a stormy altar of Qazlal.
  2266 | D:2      | Found a basalt altar of Yredelemnul.
  2267 | D:2      | Noticed Menkaure
  2268 | D:2      | Found an ancient bone altar of Kikubaaqudgha.
  2284 | D:2      | Found a transporter.
  2300 | D:2      | Found a transporter.
  2727 | D:2      | Found a runed door.
  3015 | D:2      | Noticed Crazy Yiuf
  3022 | D:2      | Killed Crazy Yiuf
  3022 | D:2      | Gained mutation: You have large cloven feet. [demonic ancestry]
  3022 | D:2      | Reached XP level 5. HP: 24/37 MP: 4/8
  4002 | D:3      | Found a glowing golden altar of the Shining One.
  4142 | D:3      | Found a blossoming altar of Fedhas.
  4827 | D:4      | Found a glowing drain.
  4850 | Sewer    | Entered a sewer
  5051 | Sewer    | Reached skill level 5 in Unarmed Combat
  5540 | D:4      | Found a staircase to the Ecumenical Temple.
  5585 | Temple   | Entered the Ecumenical Temple
  5653 | Temple   | Became a worshipper of Warmaster Okawaru
  5911 | D:4      | Found a basalt altar of Yredelemnul.
  5947 | D:4      | Reached XP level 6. HP: 34/43 MP: 5/9
  6337 | D:5      | Entered Level 5 of the Dungeon
  6351 | D:5      | Reached skill level 1 in Invocations
  6578 | D:5      | Noticed Sigmund
  6590 | D:5      | Killed Sigmund
  6617 | D:5      | Reached skill level 6 in Unarmed Combat
  6617 | D:5      | Gained mutation: You have hoof-like feet. [demonic ancestry]
  6617 | D:5      | Reached XP level 7. HP: 33/48 MP: 3/10
  6723 | D:5      | Noticed Blork the orc
  6738 | D:5      | Killed Blork the orc
  7024 | D:5      | Reached * piety under Okawaru
  7531 | D:5      | You fall through a shaft!
  7582 | D:6      | Found Luiklenk's Jewellery Emporium.
  7613 | D:6      | Found a glowing silver altar of Zin.
  7676 | D:6      | Noticed a two-headed ogre
  7853 | D:5      | Found Zorghocw's Armour Shoppe.
  8002 | D:6      | Killed from afar by an orc priest

Vault maps used:
D:1:      ncdulo_halloftheorcs, hangedman_decor_push
D:2:      xom_teletrap_fun, gammafunk_temple_of_torment, lemuel_crystal_altar,
          chequers_ecumenical_altar_grove, uniq_crazy_yiuf_cottage
D:3:      lemuel_doored_altar, fedhas_altar_1, first_ration
D:4:      minmay_temple_entry_glass, cheibrodos_sewer_entry_sluice,
          yredelemnul_altar_generic
D:5:      serial_shops, shop_statue, uniq_sigmund, uniq_blork_the_orc
D:6:      lemuel_slime, zin_scriptorium, serial_shops, shop,
          kennysheep_generic_room_12, uniq_prince_ribbit1
Temple:   eino_temple_lava
Sewer:    sewer_co_cracked_pipes

Skill      XL: |  1  2  3  4  5  6  7 |
---------------+----------------------+-----
Unarmed Combat | 3 4 5 6 |  6.9
Transmutations | 2 3 4 |  4.6
Invocations    | 2 4 |  4.1
Fighting       | |  1.0
Dodging        | |  1.7
Spellcasting   | |  2.0

Action                   |  1- 3 |  4- 6 |  7- 9 || total
-------------------------+-------+-------+-------++-------
Melee: Unarmed           |    94 |   178 |    78 ||   350
       Kick              |     4 |    14 |     6 ||    24
       Headbutt          |     8 |    15 |     1 ||    24
       Punch             |       |       |     1 ||     1
 Cast: Beastly Appendage |     9 |     4 |       ||    13
       Sticks to Snakes  |     4 |     1 |       ||     5
       Spider Form       |     3 |    15 |     8 ||    26
  Use: Scroll            |       |    12 |     2 ||    14
       Potion            |       |     2 |     1 ||     3
 Stab: Sleeping          |       |     1 |       ||     1
  Eat: Chunk             |     4 |    11 |     5 ||    20
       Ration            |       |     2 |       ||     2
Armor: Robe              |    20 |    28 |       ||    48
Dodge: Dodged            |    65 |   131 |    67 ||   263

Table legend:
 A = Spawn XP
 B = Non-spawn XP
 C = Spawn XP percentage of total XP
 D = Spawn monster count
 E = Non-spawn monster count
 F = Spawn count percentage of total count
 G = Total turns spent on level
                    A         B        C        D         E        F      G
               +---------+---------+-------+---------+---------+-------+---------
         Total |       0 |    1354 |   0.0 |       0 |     106 |   0.0 |  8002
               +---------+---------+-------+---------+---------+-------+---------
           D:1 |       0 |      45 |   0.0 |       0 |      24 |   0.0 |  1530
           D:2 |       0 |     155 |   0.0 |       0 |      22 |   0.0 |  1646
           D:3 |       0 |      47 |   0.0 |       0 |      13 |   0.0 |  1587
           D:4 |       0 |     115 |   0.0 |       0 |       7 |   0.0 |  1344
           D:5 |       0 |     829 |   0.0 |       0 |      22 |   0.0 |  1151
           D:6 |       0 |     102 |   0.0 |       0 |       5 |   0.0 |   203
         Sewer |       0 |      61 |   0.0 |       0 |      13 |   0.0 |   463
               +---------+---------+-------+---------+---------+-------+---------
